 Dungeon Crawl Stone Soup version 0.30-a0-918-g0ff054e9dc (webtiles) character file.

Game seed: 6686831165847065010

824 lunkers the Geomancer (level 8, 0/57 HPs)
             Began as a Meteoran Earth Elementalist on Mar 20, 2023.
             Was a Believer of Dithmenos.
             Slain by a kobold
             ... wielding a +0 short sword
              (2 damage)
             ... on level 6 of the Dungeon.
             The game lasted 00:04:31 (1487 turns).

lunkers the Geomancer (Meteoran Earth Elementalist) Turns: 1487, Time: 00:04:31

Health: 0/57       AC:  3    Str:  9    XL:     8   Next: 40%
Magic:  5/18       EV: 13    Int: 19    God:    Dithmenos [**....]
Gold:   206        SH:  0    Dex: 21    Spells: 13/19 levels left

rFire   . . .      SeeInvis .    b - +3 short sword (protect)
rCold   . . .      Faith    .    (no shield)
rNeg    . . .      Spirit   .    a - +1 robe
rPois   .          Reflect  .    (no helmet)
rElec   .          Rampage  .    (no cloak)
rCorr   .                        (no gloves)
Will    +....                    (no boots)
Stlth   +                        (no amulet)
HPRegen 0.29/turn                l - +6 ring of dexterity
MPRegen 0.16/turn                (no ring)

@: very slightly contaminated, slowed, glowing, very slow
A: sense surroundings 1, otherworldly, glowing, explore regen
a: Renounce Religion, Shadow Step


You were on level 6 of the Dungeon.
You worshipped Dithmenos.
Dithmenos was pleased with you.
You visited 1 branch of the dungeon, and saw 6 of its levels.

You collected 206 gold pieces.

Inventory:

Hand Weapons
 b - a +3 short sword of protection (weapon)
 d - a +2 dagger of protection
Missiles
 n - a throwing net
Armour
 a - a +1 robe (worn)
Jewellery
 j - an amulet of faith
 k - a ring of protection from fire
 l - a +6 ring of dexterity (left hand)
Scrolls
 f - a scroll of identify
 g - a scroll of blinking {unknown}
 h - a scroll of butterflies
 p - a scroll of noise {unknown}
Potions
 c - a potion of degeneration {unknown}
 e - 2 potions of magic
 i - 2 potions of invisibility
 m - a potion of heal wounds {unknown}
 q - a potion of mutation {unknown}


   Skills:
 - Level 2.4 Dodging
 - Level 1.4 Stealth
 + Level 6.4 Spellcasting
 - Level 1.2 Transmutations
 * Level 9.2 Earth Magic


You had 13 spell levels left.
You knew the following spells:

 Your Spells              Type           Power      Damage    Failure   Level
a - Sandblast             Erth           82%        2d17      1%          1
b - Passwall              Tmut/Erth      21%        N/A       1%          2
c - Stone Arrow           Conj/Erth      46%        3d9       4%          3

Your spell library contained the following spells:

 Spells                   Type           Power      Damage    Failure   Level
 Petrify                  Tmut/Erth      26%        N/A       12%         4
 Sublimation of Blood     Necr           6%         N/A       16%         2
 Gell's Gravitas          Tloc           6%         N/A       32%         3
 Teleport Other           Tloc           6%         N/A       32%         3
 Irradiate                Conj/Tmut      4%         3d13      93%         5
 Dispersal                Tloc           3%         N/A       100%        6


Dungeon Overview and Level Annotations

Branches:
Dungeon (6/15) Zot: 2029
 Temple: D:4-7

Altars:
Dithmenos


Innate Abilities, Weirdness & Mutations

You passively map a small area around you.
You are easily found by Zot.
You glow in the dark.
You regain HP and MP as you explore.


Message History

Press: ? - help, Q - select action, (/) - cycle Shift-Dir - straight line, f/p - kobold brigand
Aim: a kobold brigand, wielding a +0 whip and quivering curare-tipped darts (heavily wounded, umbra, 81% to hit)
The blast of sand hits the kobold brigand!!
You kill the kobold brigand!
Dithmenos accepts your kill. The kobold hits you but does no damage.
The kobold misses you. The kobold hits you but does no damage.
The kobold barely misses you.
Unknown command.
Casting: Sandblast (safe; 1% risk of failure)
Confirm with . or Enter, or press ? or * to list all spells.
Aiming: Stone Arrow (dangerous; 4% risk of failure)
Press: ? - help, Shift-Dir - straight line, f - kobold
Aim: a kobold, wielding a +0 dagger and quivering stones (umbra, 64% to hit)
You miscast Stone Arrow.
You are very lightly contaminated with residual magic.
Nothing appears to happen.
The kobold misses you. The kobold hits you but does no damage.
The kobold hits you with a +0 short sword.
* * * LOW HITPOINT WARNING * * *
The kobold misses you.
Casting: Stone Arrow (dangerous; 4% risk of failure)
Confirm with . or Enter, or press ? or * to list all spells.
Aiming: Stone Arrow (dangerous; 4% risk of failure)
Press: ? - help, Shift-Dir - straight line, f/p - kobold
Aim: a kobold, wielding a +0 dagger and quivering stones (umbra, 64% to hit)
The stone arrow misses the kobold.
The kobold hits you but does no damage. The kobold closely misses you.
Unknown command.
Unknown command.
Casting: Stone Arrow (dangerous; 4% risk of failure)
Confirm with . or Enter, or press ? or * to list all spells.
Aiming: Stone Arrow (dangerous; 4% risk of failure)
Press: ? - help, Shift-Dir - straight line, f/p - kobold
Aim: a kobold, wielding a +0 dagger and quivering stones (umbra, 64% to hit)
The stone arrow hits the kobold!!
You kill the kobold!
Dithmenos accepts your kill.
* * * LOW MAGIC WARNING * * *
The kobold hits you with a +0 short sword.
You die...

.)## #...## ,
.....## * ,
##....... , #.....#
,# * ###...# ##.# *
,* ###....###....
###...#..#...... ,
##K@.###........#
*###.))###.......##,
, ,
,*#..)###....<..###*
*
.......)........###
#.............###
#...........###
..#..........# ,
..?..........#
............## * *


You could see a kobold.

Vanquished Creatures
  A centaur (D:5)
  A kobold brigand (D:6)
  4 scorpions
  A hound (D:3)
  An orc priest (D:4)
  A jelly (D:5)
  3 iguanas
  A scorpion zombie (D:3)
  3 orc wizards
  3 gnolls (D:4)
  3 adders
  2 adder zombies (D:3)
  2 dart slugs
  17 orcs
  4 endoplasms
  3 giant cockroaches
  5 goblins
  4 hobgoblins
  2 quokkas (D:2)
  7 ball pythons
  5 bats
  3 frilled lizards (D:1)
  16 kobolds
  9 rats
101 creatures vanquished.

Vanquished Creatures (others)
  11 plants (D:1)
11 creatures vanquished.

Grand Total: 112 creatures vanquished

Notes
Turn   | Place    | Note
-------+----------+-------------------------------------------
     0 | D:1      | lunkers the Meteoran Earth Elementalist began the quest for
                  | the Orb.
     0 | D:1      | Reached XP level 1. HP: 14/14 MP: 5/5
    52 | D:1      | Reached XP level 2. HP: 6/20 MP: 3/6
    54 | D:1      | Reached skill level 4 in Earth Magic
   149 | D:1      | Reached XP level 3. HP: 23/26 MP: 1/8
   538 | D:2      | Reached XP level 4. HP: 30/33 MP: 3/10
   678 | D:2      | Reached skill level 5 in Earth Magic
   702 | D:3      | Found a faded altar of an unknown god.
   723 | D:3      | Prayed at the altar of an unknown god.
   723 | D:3      | Became a worshipper of Dithmenos the Shadowed
   723 | D:3      | Reached * piety under Dithmenos
   817 | D:3      | Reached XP level 5. HP: 30/38 MP: 5/12
   949 | D:4      | Reached skill level 6 in Earth Magic
   959 | D:3      | Reached XP level 6. HP: 18/45 MP: 7/13
   987 | D:4      | Reached skill level 7 in Earth Magic
   991 | D:4      | Reached skill level 5 in Spellcasting
   991 | D:4      | Reached XP level 7. HP: 46/50 MP: 7/15
  1049 | D:4      | Reached ** piety under Dithmenos
  1057 | D:4      | Learned a level 2 spell: Passwall
  1061 | D:4      | Learned a level 3 spell: Stone Arrow
  1089 | D:4      | Reached skill level 8 in Earth Magic
  1094 | D:4      | You fall into a shaft and drop 1 floor!
  1094 | D:5      | Entered Level 5 of the Dungeon
  1199 | D:5      | Reached XP level 8. HP: 52/57 MP: 10/17
  1285 | D:5      | Reached skill level 9 in Earth Magic
  1482 | D:6      | HP: 2/57 [kobold brigand/+0 whip (4)]
  1487 | D:6      | Slain by a kobold

Illustrated notes

Levels and vault maps discovered:
D:1:      dpeg_arrival_simpleton_b, layout_rooms, lexackson_kobold_supper
D:2:      layout_loops_cross
D:3:      layout_rooms, mainiacjoe_overflow_alcove_1,
          nicolae_yredelemnul_corpse_copse, hellmonk_ecumenical_altar_run_dry
D:4:      layout_rooms, dk_rats_in_the_wall
D:5:      wad_pebble_path, layout_basic, kennysheep_orc_sif_temple,
          minmay_temple_entry_grid
D:6:      layout_cave_pods

Skill      XL: |  1  2  3  4  5  6  7  8 |
---------------+-------------------------+-----
Earth Magic    | 4 5 6 7 8 9 |  9.2
Spellcasting   | 3 4 5 6 |  6.4
Dodging        | |  2.4
Stealth        | |  1.4
Transmutations | |  1.2

Action                     |  1- 3 |  4- 6 |  7- 9 || total
---------------------------+-------+-------+-------++-------
   Cast: Sandblast         |    50 |    47 |    54 ||   151
         Stone Arrow       |       |       |     7 ||     7
    Use: Scroll            |       |       |     8 ||     8
         Potion            |       |       |     1 ||     1
 Armour: Robe              |     8 |     3 |    17 ||    28
  Dodge: Dodged            |    16 |    16 |    33 ||    65

Table legend: (Time is in decaauts)
 A = Elapsed time spent in this place.
 B = Non-inter-level travel time spent in this place.
 C = Inter-level travel time spent in this place.
 D = Time resting spent in this place.
 E = Time spent auto-exploring this place.
 F = Levels seen in this place.
 G = Mean time per level.
                   A        B        C        D        E       F      G
               +--------+--------+--------+--------+--------+-----+--------+
         Total |   1568 |   1512 |     56 |      0 |    973 |   6 |  261.3 |
       Dungeon |   1568 |   1512 |     56 |      0 |    973 |   6 |  261.3 |
               +--------+--------+--------+--------+--------+-----+--------+

Top non-repeatable levels by time:
     D:2: 428 daAuts
     D:5: 378 daAuts
     D:1: 294 daAuts
     D:3: 275 daAuts
     D:4: 152 daAuts
     D:6: 40 daAuts
